 Dungeon Crawl Stone Soup version 0.29-a0-362-g5854e031c7 (webtiles) character file.

Game seed: 2781593070659478249

44 Hubjo the Firebug (level 3, -1/20 HPs)
             Began as a Deep Elf Fire Elementalist on Apr 29, 2022.
             Was a Follower of Sif Muna.
             Slain by an adder (2 damage)
             ... on level 2 of the Dungeon.
             The game lasted 00:02:41 (2583 turns).

Hubjo the Firebug (Deep Elf Fire Elementalist)      Turns: 2583, Time: 00:02:42

Health: -1/20      AC:  2    Str:  5    XL:     3   Next: 39%
Magic:  10/10      EV: 13    Int: 19    God:    Sif Muna [*.....]
Gold:   49         SH:  0    Dex: 17    Spells: 8/9 levels left

rFire   . . .      SeeInvis .   m - +1 dagger
rCold   . . .      Faith    .   (no shield)
rNeg    . . .      Spirit   .   a - +0 robe
rPois   .          Reflect  .   (no helmet)
rElec   .          Harm     .   (no cloak)
rCorr   .          Rampage  .   (no gloves)
Will    .....                   (no boots)
Stlth   ++........              (no amulet)
HPRegen 0.06/turn               (no ring)
MPRegen 0.12/turn               (no ring)

@: lethally poisoned (-1 -> -3), flying
A: no striking features
a: Renounce Religion, Channel Magic


You were on level 2 of the Dungeon.
You worshipped Sif Muna.
Sif Muna was aware of your devotion.
You visited 1 branch of the dungeon, and saw 2 of its levels.

You collected 49 gold pieces.

Inventory:

Hand Weapons
 k - a +0 whip of draining
 m - a +1 dagger (weapon)
Missiles
 h - 6 atropa-tipped darts
Armour
 a - a +0 robe (worn)
Scrolls
 d - a scroll of identify {unknown}
 g - a scroll of fog {unknown}
 i - 2 scrolls of enchant weapon
Potions
 b - a potion of magic
 c - a potion of haste {unknown}
 e - a potion of mutation {unknown}
 f - a potion of heal wounds {unknown}
 j - a potion of brilliance {unknown}
 n - a potion of lignification {unknown}


   Skills:
 * Level 1.4 Fighting
 - Level 2.4 Dodging
 + Level 3.1 Stealth
 + Level 3.5 Spellcasting
 - Level 1.1 Conjurations
 + Level 3.6 Fire Magic


You had 8 spell levels left.
You knew the following spells:

 Your Spells              Type           Power      Damage    Failure   Level
a - Foxfire               Conj/Fire      48%        2x1d6     5%          1

Your spell library contained the following spells:

 Spells                   Type           Power      Damage    Failure   Level
 Scorch                   Fire           34%        2d7       4%          2
 Conjure Flame            Conj/Fire      12%        6-21      16%         3
 Inner Flame              Hex/Fire       10%        N/A       21%         3
 Flame Wave               Conj/Fire      12%        2d6       47%         4


Dungeon Overview and Level Annotations

Branches:
Dungeon (2/15)

Altars:
Sif Muna


Message History

The adder bites you. The adder bites you but does no damage.
You miss the adder.
The adder is heavily wounded.
The adder closely misses you.
You hit the adder. You punch the adder.
The adder is almost dead.
The adder closely misses you.
You barely miss the adder.
The adder is almost dead.
The adder bites you. x2
You are poisoned.
The adder poisons you!
You are too injured to fight recklessly!
You are too injured to fight recklessly!
You are too injured to fight recklessly!
You are too injured to fight recklessly!
You are too injured to fight recklessly!
You are too injured to fight recklessly!
You are too injured to fight recklessly!
You are too injured to fight recklessly!
You are too injured to fight recklessly!
You are too injured to fight recklessly!
You are too injured to fight recklessly!
You are too injured to fight recklessly!
You are too injured to fight recklessly!
As you read the scroll labelled XESUT KAUFECYU, it crumbles to dust.
It is a scroll of enchant weapon.
Your +0 dagger glows red for a moment.
* * * LOW HITPOINT WARNING * * *
You feel sick. The adder barely misses you.
You barely miss the adder.
The adder is almost dead.
You feel sick. The adder bites you.
* * * LOW HITPOINT WARNING * * *
It was a potion of flight.
You feel very buoyant.
You fly up into the air.
* * * LOW HITPOINT WARNING * * *
You feel sick. The adder bites you.
You die...

........#.#..#(##.#
#.#####.#.#(......#
...........#.#.####
#.#####.#).#.#.#
#.#.....#....# #
#.###.###.####
#.........#
#####.##################
................@S......
##.....#################
#.....# #.....# #.....#
#.....# ##.....#
.......# ....#.##


You could see an adder.

Vanquished Creatures
  2 dart slugs
  2 endoplasms (D:1)
  5 giant cockroaches (D:1)
  4 goblins
  A hobgoblin (D:2)
  3 jackals (D:2)
  2 quokkas (D:1)
  2 ball pythons (D:1)
  6 bats
  6 kobolds (D:2)
  2 rats
35 creatures vanquished.

Vanquished Creatures (collateral kills)
  2 foxfires (D:1)
2 creatures vanquished.

Vanquished Creatures (others)
  200 foxfires
200 creatures vanquished.

Grand Total: 237 creatures vanquished

Notes
Turn   | Place    | Note
-------+----------+-------------------------------------------
     0 | D:1      | Hubjo the Deep Elf Fire Elementalist began the quest for
                  | the Orb.
     0 | D:1      | Reached XP level 1. HP: 10/10 MP: 6/6
   356 | D:1      | Reached XP level 2. HP: 12/16 MP: 0/8
  1041 | D:1      | Reached skill level 1 in Fighting
  1305 | D:1      | Found a faded altar of an unknown god.
  1555 | D:1      | Prayed at the altar of an unknown god.
  1555 | D:1      | Became a worshipper of Sif Muna the Loreminder
  1555 | D:1      | Reached * piety under Sif Muna
  1749 | D:2      | Reached XP level 3. HP: 20/20 MP: 5/9
  2583 | D:2      | HP: 1/20 [poisoned by an adder]
  2583 | D:2      | Slain by an adder

Illustrated notes

Levels and vault maps discovered:
D:1:      pf_arrival_petrified_forest, layout_basic,
          shapermc_ecumenical_altar_acropolis, serial_glass, glass_columns_b,
          glass_columns_c, corexii_leaking_fountain, minmay_worlds_worst_comb
D:2:      layout_basic, basic_altar

Skill      XL: |  1  2 |
---------------+-------+-----
Fighting       | 1 |  1.4
Stealth        | 3 |  3.1
Dodging        | |  2.4
Spellcasting   | |  3.5
Conjurations   | |  1.1
Fire Magic     | |  3.6

Action                   || total
-------------------------++-------
Melee: Unarmed           ||     9
       Dagger            ||    24
       Punch             ||     1
 Cast: Foxfire           ||   124
  Use: Scroll            ||     1
       Potion            ||     1
Armor: Robe              ||     8
Dodge: Dodged            ||    25

Table legend: (Time is in decaauts)
 A = Elapsed time spent in this place.
 B = Non-inter-level travel time spent in this place.
 C = Inter-level travel time spent in this place.
 D = Time resting spent in this place.
 E = Time spent auto-exploring this place.
 F = Levels seen in this place.
 G = Mean time per level.
                   A        B        C        D        E       F      G
               +--------+--------+--------+--------+--------+-----+--------+
         Total |   2584 |   2411 |    173 |      0 |   2129 |   2 | 1292.0 |
       Dungeon |   2584 |   2411 |    173 |      0 |   2129 |   2 | 1292.0 |
               +--------+--------+--------+--------+--------+-----+--------+

Top non-repeatable levels by time:
     D:1: 1620 daAuts
     D:2: 964 daAuts
